 Dungeon Crawl Stone Soup version 0.32-a0-18-g89e19f1974 (webtiles) character file.

Game seed: 10591890566067759370

275 zenocrate the Sneak (level 6, -12/28 HPs)
             Began as a Vine Stalker Enchanter on Jan 16, 2024.
             Shot with an arrow by a centaur (16 damage)
             ... on level 5 of the Dungeon.
             The game lasted 00:02:49 (2367 turns).

zenocrate the Sneak (Vine Stalker Enchanter)        Turns: 2367, Time: 00:02:50

Health: -12/28     AC:  3    Str: 11    XL:     6   Next: 24%
Magic:  0/10       EV: 12    Int: 15    God:
Gold:   116        SH:  0    Dex: 16    Spells: 1/9 levels left

rFire   . . .        b - +1 short sword (speed)
rCold   + . .        (no shield)
rNeg    . . .        k - +0 robe {rC+}
rPois   .            h - +0 helmet
rElec   .            (no cloak)
rCorr   .            (no gloves)
SInv    .            (no boots)
Will    .....        (no amulet)
Stlth   +++          (no ring)
HPRegen 1.04/turn    (no ring)
MPRegen 0.12/turn

%: guardian spirit
@: no status effects
A: fangs 2, regeneration 1, magic shield, antimagic bite, no potion heal 2
a: no special abilities


You were on level 5 of the Dungeon.
You visited 1 branch of the dungeon, and saw 4 of its levels.

You collected 116 gold pieces.

Inventory:

Hand Weapons
 a - a +1 dagger
 b - a +1 short sword of speed (weapon)
Missiles
 m - 5 curare-tipped darts (quivered)
 q - 5 poisoned darts
Armour
 h - a +0 helmet (worn)
 k - a +0 robe of cold resistance (worn)
Scrolls
 e - 2 scrolls of summoning {unknown}
 f - a scroll of fog {unknown}
 i - 2 scrolls of enchant armour {unknown}
 j - a scroll of teleportation {unknown}
 o - a scroll of identify {unknown}
 p - a scroll of blinking {unknown}
Potions
 c - 2 potions of invisibility
 d - a potion of lignification {unknown}
 g - 3 potions of curing {unknown}
 l - 2 potions of enlightenment {unknown}
 n - a potion of heal wounds {unknown}


   Skills:
 + Level 3.1 Short Blades
 + Level 2.5 Dodging
 + Level 4.9 Stealth
 - Level 2.1 Spellcasting
 * Level 3.9 Hexes
 + Level 1.9 Ice Magic


You had one spell level left.
You knew the following spells:

 Your Spells              Type           Power      Damage    Failure   Level
a - Ensorcelled Hibernat  Hex/Ice        20%        N/A       10%         2
b - Confusing Touch       Hex            13%        N/A       13%         3
c - Tukima's Dance        Hex            13%        N/A       13%         3

Your spell library contained the following spells:

 Spells                   Type           Power      Damage    Failure   Level
 Slow                     Hex            52%        N/A       4%          1
 Kiss of Death            Conj/Necr      4%         2d5       22%         1
 Sigil of Binding         Hex            13%        N/A       13%         3
 Dazzling Flash           Conj/Hex       14%        N/A       28%         3
 Vampiric Draining        Necr           1%         2d6       54%         3
 Volatile Blastmotes      Fire/Tloc      2%         2d10      54%         3
 Dispel Undead            Necr           1%         3d6       91%         4
 Fulminant Prism          Conj/Alch      0%         3d5       91%         4
 Iskenderun's Mystic Bla  Conj/Tloc      1%         2d3       91%         4


Dungeon Overview and Level Annotations

Branches:
Dungeon (3/15)

Altars:
Sif Muna


Innate Abilities, Weirdness & Mutations

You have extremely sharp teeth.
Your natural rate of healing is unusually fast.
When hurt, damage is shared between your health and your magic reserves.
Your bite disrupts and absorbs the magic of your enemies.
Potions cannot restore your health.


Message History

Casting: Ensorcelled Hibernation (safe; 10% risk of failure)
Confirm with . or Enter, or press ? or * to list all spells.
You can't see any susceptible monsters within range! (Use Z to cast anyway.) Unknown command.
A hobgoblin comes into view.
A hobgoblin is nearby!
A hobgoblin is nearby!
A hobgoblin is nearby!
A hobgoblin is nearby!
The helpless hobgoblin fails to defend itself.
You impale the hobgoblin!!
You kill the hobgoblin!
You see here a hobgoblin corpse.
No target in view!
You now have 116 gold pieces (gained 5).
A malevolent force fills the Dungeon...
You fall into a shaft and drop 2 floors!
The shaft crumbles and collapses.
Unknown command.
Found a stone staircase leading up.
A centaur comes into view.
A centaur is nearby!
A centaur is nearby!
An iguana comes into view.
Found an escape hatch in the floor.
The centaur shouts!
The iguana hisses angrily.
The centaur wields a +0 orcbow.
The centaur shoots an arrow.
The arrow hits you.
The centaur shoots an arrow.
The arrow hits you.
The centaur shoots an arrow.
The arrow hits you!
The centaur shoots an arrow.
The arrow completely misses you.
Unknown command.
The centaur shoots an arrow.
The arrow hits you.
The centaur shoots an arrow.
The arrow misses you.
Unknown command.
The centaur shoots an arrow.
The arrow hits you!
* * * LOW HITPOINT WARNING * * *
The centaur shoots an arrow.
The arrow hits you!!
Ouch! That really hurt!
You die...

#.# ... ########.#
#......#.######
#.####.#......##
#...#.......###
#.#...........#
##...#.......#.# #
.......#..@......#
#.#####.##.####..###
......l........<....
####.......#####.# .
...........#
#..........#
#....c.....#
.>...........
##.........##.#


You could see a centaur.

Vanquished Creatures
  Sigmund (D:2)
  6 adders
  A dart slug (D:2)
  2 ribbon worms
  An endoplasm (D:1)
  4 giant cockroaches
  5 hobgoblins
  3 jackals (D:1)
  3 kobolds
  A quokka (D:2)
  4 ball pythons
  3 bats
  3 frilled lizards (D:2)
  10 goblins
  5 rats
52 creatures vanquished.

Notes
Turn   | Place    | Note
-------+----------+-------------------------------------------
     0 | D:1      | zenocrate the Vine Stalker Enchanter began the quest for
                  | the Orb.
     0 | D:1      | Reached XP level 1. HP: 9/9 MP: 4/4
    71 | D:1      | Reached skill level 1 in Short Blades
   100 | D:1      | Reached XP level 2. HP: 10/13 MP: 4/6
   103 | D:1      | Learned a level 2 spell: Ensorcelled Hibernation
   311 | D:1      | Reached skill level 4 in Stealth
   357 | D:1      | Found a faded altar of an unknown god.
   556 | D:1      | Reached XP level 3. HP: 16/16 MP: 7/7
   615 | D:1      | Learned a level 3 spell: Confusing Touch
  1137 | D:2      | Reached XP level 4. HP: 21/21 MP: 4/8
  1151 | D:2      | Reached skill level 1 in Ice Magic
  1289 | D:2      | Noticed Sigmund
  1314 | D:2      | Killed Sigmund
  1315 | D:2      | Reached XP level 5. HP: 19/24 MP: 2/9
  1315 | D:2      | Reached XP level 6. HP: 22/28 MP: 2/10
  1512 | D:2      | Learned a level 3 spell: Tukima's Dance
  1596 | D:3      | Found a shimmering blue altar of Sif Muna.
  2352 | D:3      | You fall into a shaft and drop 2 floors!
  2352 | D:5      | Entered Level 5 of the Dungeon
  2367 | D:5      | Shot with an arrow by a centaur

Illustrated notes

Levels and vault maps discovered:
D:1:      scummos_arrival_star, layout_basic, shapermc_ecumenical_altar_venn,
          minmay_domino_4
D:2:      layout_rooms, uniq_sigmund
D:3:      layout_basic, mainiacjoe_overflow_boulevard
D:5:      layout_basic, lemuel_temple_firewalk_a

Skill      XL: |  1  2  3  4 |
---------------+-------------+-----
Short Blades   | 1 2 3 |  3.1
Stealth        | 4 |  4.9
Dodging        | 2 |  2.5
Ice Magic      | 1 |  1.9
Spellcasting   | |  2.1
Hexes          | |  3.9

Action                     |  1- 3 |  4- 6 || total
---------------------------+-------+-------++-------
  Melee: Dagger            |    79 |       ||    79
         Bite              |    23 |    17 ||    40
         Punch             |     2 |       ||     2
         Short sword       |    39 |    67 ||   106
   Cast: Ensorcelled Hiber |     2 |     8 ||    10
   Stab: Sleeping          |     7 |     5 ||    12
 Armour: Robe              |    50 |    43 ||    93
  Dodge: Dodged            |    82 |    36 ||   118

Table legend: (Time is in decaauts)
 A = Elapsed time spent in this place.
 B = Non-inter-level travel time spent in this place.
 C = Inter-level travel time spent in this place.
 D = Time resting spent in this place.
 E = Time spent auto-exploring this place.
 F = Levels seen in this place.
 G = Mean time per level.
                   A        B        C        D        E       F      G
               +--------+--------+--------+--------+--------+-----+--------+
         Total |   2318 |   2230 |     88 |      0 |   1791 |   4 |  579.5 |
       Dungeon |   2318 |   2230 |     88 |      0 |   1791 |   4 |  579.5 |
               +--------+--------+--------+--------+--------+-----+--------+

Top non-repeatable levels by time:
     D:1: 894 daAuts
     D:3: 808 daAuts
     D:2: 600 daAuts
     D:5: 14 daAuts
